 Dungeon Crawl Stone Soup version 0.29.1-2-gbd0b4ee654 (webtiles) character file.

Game seed: 18371742027818109386

23 tkbsonic5 the Scratcher (level 2, 0/12 HPs)
             Began as a Felid Transmuter on Nov 28, 2022.
             Was a Follower of Fedhas.
             Slain by a hobgoblin (7 damage)
             ... led by Robin
             ... on level 2 of the Dungeon.
             The game lasted 00:03:38 (1352 turns).

tkbsonic5 the Scratcher (Felid Transmuter)          Turns: 1352, Time: 00:03:39

Health: 0/12       AC:  1    Str:  6    XL:     2   Next: 72%
Magic:  2/6        EV: 14    Int: 20    God:    Fedhas [*.....]
Gold:   59         SH:  0    Dex: 16    Spells: 2/5 levels left
                                        Lives:  0   Deaths: 0

rFire   . . .      SeeInvis +     - Unarmed
rCold   . . .      Faith    .   (shield unavailable)
rNeg    . . .      Spirit   .   (body armour unavailable)
rPois   .          Reflect  .   (helmet unavailable)
rElec   .          Harm     .   (cloak unavailable)
rCorr   .          Rampage  .   (gloves unavailable)
Will    .....                   (boots unavailable)
Stlth   ++........              (no amulet)
HPRegen 0.04/turn               d - +6 ring of intelligence
MPRegen 0.10/turn               (no ring)

@: appendages, wereblooded, grasped by roots, very slightly contaminated,
constricted, quick
A: horns 2, very small, claws 1, fangs 3, see invisible, speed 1, shaggy fur 1,
stealthy paws, no weapons or thrown items, no armour, multi-lived
a: End Transformation, Renounce Religion


You were on level 2 of the Dungeon.
You worshipped Fedhas.
Fedhas was aware of your devotion.
You had temporarily grown beastly horns.
You visited 1 branch of the dungeon, and saw 2 of its levels.

You collected 59 gold pieces.

Inventory:

Jewellery
 d - a +6 ring of intelligence (left paw)
Scrolls
 b - a scroll of poison {unknown}
 c - a scroll of vulnerability {unknown}
 f - a scroll of identify {unknown}
Potions
 a - 3 potions of lignification
 e - 2 potions of degeneration {unknown}
 g - a potion of heal wounds {unknown}


   Skills:
 * Level 1.5 Fighting
 * Level 3.1 Dodging
 + Level 0.8 Stealth
 * Level 3.2 Unarmed Combat
 + Level 2.1 Spellcasting
 + Level 2.4 Transmutations


You had 2 spell levels left.
You knew the following spells:

 Your Spells              Type           Power      Damage    Failure   Level
a - Beastly Appendage     Tmut           22%        N/A       6%          1
b - Wereblood             Tmut           11%        N/A       9%          2

Your spell library contained the following spells:

 Spells                   Type           Power      Damage    Failure   Level
 Spider Form              Tmut/Pois      6%         N/A       28%         3
 Ice Form                 Ice/Tmut       6%         N/A       67%         4


Dungeon Overview and Level Annotations

Branches:
Dungeon (2/15)

Altars:
Fedhas

Annotations:
D:2 Robin


Innate Abilities, Weirdness & Mutations

You have temporarily grown beastly horns.
You have sharp claws.
You have razor-sharp teeth.
You have supernaturally acute eyesight. (SInv)
You cover ground quickly. (Speed+)
You are covered in fur. (AC +1)
Your paws help you pounce on unaware monsters.
You are incapable of wielding weapons or throwing items.
You cannot wear armour.
You gain extra lives every three experience levels.


Message History

Your transformation is almost over.
There is a stone staircase leading up here.
You climb upwards.
There is a stone staircase leading down here.
You start resting.
Your horns disappear.
Your primal bloodlust is almost over.
You start resting.
Magic restored.
You start resting.
Your primal bloodlust has ended.
You start resting.
HP restored.
Casting: Wereblood (safe; 9% risk of failure)
Confirm with . or Enter, or press ? or * to list all spells.
Your blood is infused with primal strength.
Casting: Wereblood (safe; 9% risk of failure)
Confirm with . or Enter, or press ? or * to list all spells.
You miscast Beastly Appendage.
You are very lightly contaminated with residual magic.
Nothing appears to happen.
Casting: Beastly Appendage (safe; 6% risk of failure)
Confirm with . or Enter, or press ? or * to list all spells.
You grow a pair of large bovine horns.
You climb downwards.
Level annotation: Robin A ball python comes into view.
Robin roars a battlecry!
The goblins go into a battle-frenzy!
The hobgoblin barely misses you. The goblin barely misses you.
The hobgoblin hits you but does no damage.
Robin zaps a wand.
The roots erupt in riotous growth!
The giant cockroach is unaffected.
The hobgoblin is unaffected.
The grasping roots grab you!
The hobgoblin is unaffected.
The grasping roots constrict you.
A goblin comes into view. It is wielding a +0 club.
The hobgoblin hits you!
Ouch! That really hurt!
You die...
Fedhas appreciates your contribution to the ecosystem.

#........#
#........#
####........#
...#........##.
#.............
#.............
#..#....g....S.
......g@g...#
....###B##.## .
#.# #.....†#
#####.g. ##g..
#.g.. ......
#.###.B


You could see Robin, a giant cockroach, 2 hobgoblins, 3 goblins and a ball
python (wandering).

Vanquished Creatures
  A dart slug (D:1)
  A ball python (D:1)
  2 bats (D:1)
  An endoplasm (D:1)
  A giant cockroach (D:1)
  2 goblins (D:1)
  A hobgoblin (D:1)
  4 jackals (D:1)
  2 kobolds (D:1)
  2 rats
17 creatures vanquished.

Notes
Turn   | Place    | Note
-------+----------+-------------------------------------------
     0 | D:1      | tkbsonic5 the Felid Transmuter began the quest for the Orb.
     0 | D:1      | Reached XP level 1. HP: 9/9 MP: 4/4
    86 | D:1      | Reached XP level 2. HP: 6/12 MP: 4/6
   218 | D:1      | Learned a level 2 spell: Wereblood
   950 | D:1      | Found a faded altar of an unknown god.
  1151 | D:1      | Prayed at the altar of an unknown god.
  1151 | D:1      | Became a worshipper of Fedhas Madash
  1151 | D:1      | Reached * piety under Fedhas
  1185 | D:2      | Noticed Robin
  1352 | D:2      | Slain by a hobgoblin

Illustrated notes

Levels and vault maps discovered:
D:1:      minmay_arrival_solitary_statue, layout_basic,
          chequers_ecumenical_altar_island, minmay_misc_feat_diagonals
D:2:      layout_rooms, uniq_robin

Skill      XL: |  1  2 |
---------------+-------+-----
Dodging        | 3 |  3.1
Fighting       | |  1.5
Stealth        | |  0.8
Unarmed Combat | |  3.2
Spellcasting   | |  2.1
Transmutations | |  2.4

Action                   || total
-------------------------++-------
Melee: Unarmed           ||    39
       Headbutt          ||     6
       Bite              ||     1
 Cast: Beastly Appendage ||    12
       Wereblood         ||     2
 Stab: Sleeping          ||     1
Armor: Skin              ||     5
Dodge: Dodged            ||    37
